 Dungeon Crawl Stone Soup version 0.31-a0-267-g3fc6992b3b (webtiles) character file.

Game seed: 6923315964111084478

305 qw the Shooter (level 6, -1/35 HPs)
             Began as a Gargoyle Hexslinger on July 13, 2023.
             Slain by an iguana (8 damage)
             ... on level 3 of the Dungeon on July 14, 2023.
             The game lasted 00:00:52 (2097 turns).

qw the Shooter (Gargoyle Hexslinger)                Turns: 2097, Time: 00:00:52

Health: -1/35      AC: 10    Str: 11    XL:     6   Next: 39%
Magic:  7/7        EV: 10    Int: 14    God:
Gold:   105        SH:  0    Dex: 14    Spells: 6/7 levels left

rFire   . . .        Y - +1 sling
rCold   . . .        (no shield)
rNeg    + . .        e - +0 ring mail
rPois   inf          (no helmet)
rElec   +            (no cloak)
rCorr   .            g - +0 pair of gloves
SInv    .            (no boots)
Will    .....        (no amulet)
Stlth   +            (no ring)
HPRegen 0.25/turn    (no ring)
MPRegen 0.10/turn

%: no passive effects
@: about to teleport
A: sickness immunity, AC +4, negative energy resistance 1, electricity
resistance, torment resistance 1, petrification resistance
a: no special abilities


You were on level 3 of the Dungeon.
You visited 1 branch of the dungeon, and saw 3 of its levels.

You collected 177 gold pieces.
You spent 72 gold pieces at shops.


Innate Abilities, Weirdness & Mutations

You are immune to sickness and miasma.
Your stone body is resilient. (AC +4)
You are immune to poison.
You resist negative energy. (rN+)
You are resistant to electric shocks. (rElec)
You are resistant to unholy torment.
You are immune to petrification.


   Skills:
 + Level 2.0 Fighting
 - Level 6.1 Ranged Weapons
 - Level 1.2 Armour
 - Level 1.5 Dodging
 - Level 1.0 Spellcasting
 - Level 2.6 Hexes


You had 6 spell levels left.
You knew the following spells:

 Your Spells              Type           Power      Damage    Failure   Level
a - Slow                  Hex            32%        N/A       21%         1

Your spell library contained the following spells:

 Spells                   Type           Power      Damage    Failure   Level
 Inner Flame              Hex/Fire       4%         N/A       71%         3
 Portal Projectile        Hex/Tloc       8%         N/A       71%         3
 Cause Fear               Hex            4%         N/A       90%         4

Inventory:

Hand Weapons
 Y - a +1 sling (weapon)
Armour
 e - a +0 ring mail (worn)
 g - a +0 pair of gloves (worn)
Scrolls
 b - a scroll of identify
Potions
 c - a potion of degeneration {unknown}
 d - a potion of magic {unknown}
 f - a potion of cancellation {unknown}
 h - a potion of haste {unknown}
 i - 2 potions of curing

Dungeon Overview and Level Annotations

Branches:
Dungeon (3/15)

Altars:

Shops:
D:2 *   D:3 *


Message History

The sling bullet closely misses the iguana.
The iguana barely misses you.
You shoot a sling bullet.
The sling bullet barely misses the iguana.
The iguana bites you but does no damage.
You shoot a sling bullet.
The sling bullet barely misses the iguana.
The iguana bites you but does no damage.
You shoot a sling bullet.
The sling bullet hits the iguana but does no damage.
The iguana is lightly wounded.
The iguana bites you but does no damage.
You shoot a sling bullet.
The sling bullet closely misses the iguana.
The iguana bites you. The iguana closely misses you.
You shoot a sling bullet.
The sling bullet barely misses the iguana.
The iguana bites you!
You shoot a sling bullet.
The sling bullet barely misses the iguana.
The iguana bites you but does no damage.
You shoot a sling bullet.
The sling bullet hits the iguana but does no damage.
The iguana is lightly wounded.
The iguana bites you!
You shoot a sling bullet. The sling bullet hits the iguana.
The iguana is lightly wounded.
The iguana closely misses you. The iguana barely misses you.
You shoot a sling bullet. The sling bullet hits the iguana.
The iguana is moderately wounded.
The iguana bites you!
2096 ||| READING scroll of teleportation.
As you read the scroll of teleportation, it crumbles to dust.
You feel strangely unstable.
The iguana bites you but does no damage.
You shoot a sling bullet.
The sling bullet hits the iguana but does no damage.
The iguana is moderately wounded.
The iguana bites you!
You die...

.# #..... .# #. .#
......... .# #. .#
#####.### .# #. #.##
#.# )# .#...### #.#
.## ######## .......
..
..###......#####....#
#
.<#..............l.#
........##.#####@#
#.#.#.#.##.# #.#
#.#.#.#.##.#####.#
#>..#.#..........#
#####.####.#######
#.# #.# #.# #.#
#.####.# #......#


You could see an iguana.

Vanquished Creatures
  Sigmund (D:3)
  A scorpion (D:3)
  2 adders
  2 dart slugs (D:1)
  6 ball pythons
  3 bats
  5 endoplasms
  2 giant cockroaches
  7 goblins
  6 hobgoblins
  4 jackals (D:1)
  6 kobolds
  4 quokkas (D:1)
  6 frilled lizards
  3 rats
58 creatures vanquished.

Notes
Turn   | Place    | Note
-------+----------+-------------------------------------------
     0 | D:1      | qw the Gargoyle Hexslinger began the quest for the Orb.
     0 | D:1      | Reached XP level 1. HP: 12/12 MP: 2/2
     0 | D:1      | 0 ||| qw: Version: 0.3-a-52-g30416fa
     0 | D:1      | 0 ||| qw: Game counter: 7790
     0 | D:1      | 0 ||| qw: Melee chars always use a shield: true
     0 | D:1      | 0 ||| qw: God list: Okawaru
     0 | D:1      | 0 ||| qw: Allow faded altars: false
     0 | D:1      | 0 ||| qw: Do Orc after clearing Dungeon:15 true
     0 | D:1      | 0 ||| qw: Do second Lair branch before Depths: true
     0 | D:1      | 0 ||| qw: Lair rune preference: random
     0 | D:1      | 0 ||| qw: Goals: Normal
     0 | D:1      | 0 ||| PLANNING D:1-11
    63 | D:1      | Reached XP level 2. HP: 15/16 MP: 3/3
    87 | D:1      | HP: 4/16 [hobgoblin (4)]
    91 | D:1      | Reached skill level 3 in Ranged Weapons
   294 | D:1      | Reached XP level 3. HP: 21/21 MP: 4/4
   561 | D:1      | 561 ||| UPGRADING to +0 ring mail.
   571 | D:1      | 571 ||| DROPPING +0 robe.
   572 | D:1      | 572 ||| UPGRADING to +0 pair of gloves.
   577 | D:1      | 577 ||| READING 3 scrolls labelled VABONY ZASTRAMP.
   578 | D:1      | 578 ||| READING scroll labelled OTHEONEUCA.
   593 | D:1      | 593 ||| DROPPING 2 scrolls of immolation.
   594 | D:1      | 594 ||| DROPPING scroll of poison.
   733 | D:2      | Found Uttucw's General Store.
   744 | D:2      | 744 ||| SHOPLISTING 2 potions of mutation (160 gold, have
                  | 60).
   978 | D:2      | Reached skill level 1 in Armour
   981 | D:2      | 981 ||| FLEEEEING.
  1026 | D:2      | Reached XP level 4. HP: 26/26 MP: 5/5
  1416 | D:2      | Found a faded altar of an unknown god.
  1645 | D:2      | 1645 ||| READING scroll labelled KACEVYQ NEZO.
  1646 | D:2      | 1646 ||| READING 2 scrolls labelled HUINOJ XARIUXT.
  1795 | D:3      | Found Zerrioz's General Store.
  1804 | D:3      | 1804 ||| SHOPLISTING +0 pair of boots "Xudena" {Rampage}
                  | (138 gold, have 108).
  1804 | D:3      | 1804 ||| SHOPLISTING 2 potions of resistance (240 gold,
                  | have 108).
  1804 | D:3      | 1804 ||| BUYING potion of curing (36 gold).
  1804 | D:3      | Bought a potion of curing for 36 gold pieces
  1804 | D:3      | 1804 ||| SHOPLISTING potion of mutation (96 gold, have 72).
  1804 | D:3      | 1804 ||| BUYING scroll of teleportation (36 gold).
  1804 | D:3      | Bought a scroll of teleportation for 36 gold pieces
  1862 | D:3      | Noticed a scorpion
  1875 | D:3      | Killed a scorpion
  1876 | D:3      | Reached skill level 4 in Ranged Weapons
  1876 | D:3      | Reached XP level 5. HP: 24/30 MP: 6/6
  2001 | D:3      | Noticed Sigmund
  2006 | D:3      | 2006 ||| DRINKING 3 potions of curing.
  2006 | D:3      | 2006 ||| (to cure confusion)
  2015 | D:3      | Killed Sigmund
  2016 | D:3      | Reached skill level 6 in Ranged Weapons
  2016 | D:3      | Reached XP level 6. HP: 28/35 MP: 7/7
  2095 | D:3      | HP: 6/35 [iguana (9)]
  2096 | D:3      | 2096 ||| READING scroll of teleportation.
  2097 | D:3      | Slain by an iguana

Levels and vault maps discovered:
D:1:      dpeg_arrival_pond, layout_rooms
D:2:      layout_basic, serial_rivers, chequers_serial_rivers_small_a,
          chequers_serial_rivers_large_a, chequers_serial_rivers_large_b,
          chequers_serial_rivers_room_a, chequers_serial_rivers_marsh,
          dreamdust_ecumenical_altar_sealed_demon, serial_shops, shop_fountains,
          serial_bayou_pond_b, minmay_misc_feat_iff, roderic_serpentine_path,
          minmay_misc_feat_doors
D:3:      layout_loops_ring, serial_shops, shop_fountains,
          uniq_crazy_yiuf_cottage, uniq_sigmund

Skill      XL: |  1  2  3  4  5 |
---------------+----------------+-----
Ranged Weapons | 3 4 6 |  6.1
Fighting       | 2 |  2.0
Armour         | 1 |  1.2
Dodging        | |  1.5
Spellcasting   | |  1.0
Hexes          | |  2.6

Action                     |  1- 3 |  4- 6 || total
---------------------------+-------+-------++-------
   Fire: Sling             |   124 |    97 ||   221
    Use: Scroll            |     2 |     3 ||     5
         Potion            |       |     1 ||     1
 Armour: Robe              |    23 |       ||    23
         Ring mail         |     7 |    27 ||    34
  Dodge: Dodged            |    49 |    34 ||    83

Table legend:
 A = Non-vault XP
 B = Vault XP
 C = Vault XP percentage of total XP
 D = Non-vault monster count
 E = Vault monster count
 F = Vault count percentage of total count
                 A         B        C        D         E       F
            +---------+---------+-------+---------+---------+-------
      Total |     188 |     248 |  56.9 |      53 |       5 |   8.6
            +---------+---------+-------+---------+---------+-------
        D:1 |      56 |       0 |   0.0 |      30 |       0 |   0.0
        D:2 |      22 |      17 |  43.6 |      12 |       4 |  25.0
        D:3 |     110 |     231 |  67.7 |      11 |       1 |   8.3
            +---------+---------+-------+---------+---------+-------
